 Dungeon Crawl Stone Soup version 0.21-a0-110-g8e1637b (webtiles) character file.

13526 Ijustatesigmund the Grappler (level 11, -9/109 HPs)
             Began as a Troll Transmuter on July 7, 2017.
             Was a Priest of Wu Jian.
             Killed by divine providence
             ... invoked by an orc priest
              (18 damage)
             ... on level 12 of the Dungeon.
             The game lasted 00:38:33 (10655 turns).

Ijustatesigmund the Grappler (Troll Transmuter)    Turns: 10655, Time: 00:38:35

Health: -9/109     AC:  7    Str: 26    XL:     11   Next: 76%
Magic:  13/13      EV: 11    Int: 10    God:    Wu Jian [***...]
Gold:   657        SH:  0    Dex: 15    Spells: 5/15 levels left

rFire    + . .     SeeInvis .     - Unarmed
rCold    + . .     Gourm    +   (no shield)
rNeg     + + .     Faith    .   W - +2 robe {rF+}
rPois    +         Spirit   .   O - +0 hat
rElec    .         Reflect  .   (no cloak)
rCorr    .         Harm     +   (gloves unavailable)
MR       +....                  (boots unavailable)
Stlth    ++........             q - amulet of the Shrike {Harm *Drain rN++ Str+4 Dex+3}
HPRegen  0.68/turn              L - ring of protection from magic
MPRegen  0.13/turn              A - ring of stealth

@: no status effects
A: unfitting armour, claws 3, blink, cold resistance 1, fast metabolism 3,
gourmand, poison resistance, regeneration 1, shaggy fur 1, strong 1, tough skin
2
a: Blink, Renounce Religion


You were on level 12 of the Dungeon.
You worshipped Wu Jian.
Wu Jian was most pleased with you.
You were very full.

You visited 2 branches of the dungeon, and saw 13 of its levels.

You collected 742 gold pieces.
You spent 85 gold pieces at shops.

Inventory:

Hand Weapons
 w - a +0 giant spiked club
Missiles
 a - 269 arrows
 h - 9 tomahawks (quivered)
 k - 2 throwing nets
 y - 3 poisoned tomahawks
 F - 5 large rocks
 S - 6 javelins of penetration
Armour
 O - a +0 hat (worn)
 W - a +2 robe of fire resistance (worn)
Jewellery
 j - an uncursed ring of ice
 q - the amulet of the Shrike (around neck) {Harm *Drain rN++ Str+4 Dex+3}
   (You found it on level 4 of the Dungeon)

   [amulet of harm]

   It increases damage dealt and taken.
   It affects your strength (+4).
   It affects your dexterity (+3).
   It greatly protects you from negative energy.
   It causes draining when unequipped.
 A - a ring of stealth (right claw)
 L - a ring of protection from magic (left claw)
Wands
 b - a wand of confusion (40/48)
 u - a wand of iceblast (9/15)
 D - a wand of flame (24/48)
 H - a wand of iceblast (9/15)
 M - a wand of polymorph (5/24)
 N - a wand of lightning (6/15)
 R - a wand of polymorph (14/24)
 T - a wand of digging (15/24)
 U - a wand of digging (17/24)
Scrolls
 e - 2 scrolls of magic mapping
 m - 3 scrolls of amnesia
 r - 2 scrolls of identify
 s - 8 scrolls of remove curse
 B - a scroll of enchant weapon
 C - a scroll of recharging
 I - 3 scrolls of fog
 K - 2 scrolls of immolation
Potions
 g - 3 potions of heal wounds
 n - a potion of might
 p - a potion of berserk rage
 t - 3 potions of magic
 x - a potion of agility
 z - 5 potions of curing
 G - a potion of ambrosia
 J - a potion of haste
 V - a potion of cancellation
 X - a potion of brilliance
Books
 c - a book of Changes

   Spells                             Type                      Level
   a - Beastly Appendage              Transmutation                1
   b - Sticks to Snakes               Transmutation                2
   c - Spider Form                    Transmutation/Poison         3
   d - Ice Form                       Ice/Transmutation            4
   e - Blade Hands                    Transmutation                5
 E - a book of Frost

   Spells                             Type                      Level
   a - Freeze                         Ice                          1
   b - Throw Frost                    Conjuration/Ice              2
   c - Ozocubu's Armour               Charms/Ice                   3
   d - Throw Icicle                   Conjuration/Ice              4
   e - Summon Ice Beast               Ice/Summoning                4
 P - a book of Minor Magic

   Spells                             Type                      Level
   a - Magic Dart                     Conjuration                  1
   b - Blink                          Translocation                2
   c - Call Imp                       Summoning                    2
   d - Slow                           Hexes                        2
   e - Conjure Flame                  Conjuration/Fire             3
   f - Mephitic Cloud                 Conjuration/Poison/Air       3
 Q - a book of Callings

   Spells                             Type                      Level
   a - Summon Small Mammal            Summoning                    1
   b - Call Imp                       Summoning                    2
   c - Call Canine Familiar           Summoning                    3
   d - Summon Guardian Golem          Hexes/Summoning              3
   e - Summon Lightning Spire         Summoning/Air                4
   f - Summon Ice Beast               Ice/Summoning                4
Comestibles
 d - 6 bread rations
 i - 16 fruits
 l - 7 meat rations
 v - 11 royal jellies


   Skills:
 + Level 7.2 Fighting
 - Level 5.4 Maces & Flails
 - Level 5.7 Throwing
 - Level 3.6 Dodging
 + Level 9.4 Unarmed Combat
 - Level 2.6 Spellcasting
 - Level 2.8 Translocations
 + Level 7.4 Transmutations


You had 5 spell levels left.
You knew the following spells:

 Your Spells              Type           Power        Failure   Level  Hunger
a - Beastly Appendage     Tmut           ###...       1%          1    ##.....
b - Sticks to Snakes      Tmut           ###.....     1%          2    ###....
c - Blade Hands           Tmut           ###.......   36%         5    ######.
d - Blink                 Tloc           N/A          14%         2    ###....


Dungeon Overview and Level Annotations

Branches:
Dungeon (12/15)            Temple (1/1) D:7            Lair (0/6) D:8
    Orc (0/2) D:10

Altars:
Ashenzari
Cheibriados
Dithmenos
Elyvilon
Fedhas
Gozag
Hepliaklqana
Kikubaaqudgha
Makhleb
Nemelex Xobeh
Okawaru
Qazlal
Ru
Sif Muna
Trog
Uskayaw
Vehumet
Wu Jian
Xom
Yredelemnul
Zin
The Shining One

Shops:
D:5 [(   D:10 *   D:11 ([(


Innate Abilities, Weirdness & Mutations

You are too large for most types of armour.
You have claws for hands.
Your metabolism is lightning-fast.
You like to eat raw meat.
Your natural rate of healing is unusually fast.
You are covered in fur. (AC +1)
You have very tough skin. (AC +2)
You can translocate small distances at will.
Your flesh is cold resistant. (rC+)
Your system is resistant to poisons. (rPois)
Your muscles are strong. (Str +2)


Message History

You spin and attack the orc.
You mangle the orc!!
You kill the orc!
The Council accepts your kill.
Your surroundings seem slightly different.
The orc wizard points at you and mumbles some strange words.
The magic dart hits you! Something hits you.
Deactivating autopickup; reactivate with Ctrl-A.
Something hits you!
* * * LOW HITPOINT WARNING * * *
The vampire mosquito bites you.
* * * LOW HITPOINT WARNING * * *
There is a stone staircase leading up, spattered with blood here.
Something hits you!
* * * LOW HITPOINT WARNING * * *
The vampire mosquito barely misses you.
The vampire mosquito closely misses you.
The orc priest calls down the wrath of Beogh upon you.
Beogh smites you!
You die...

##################
..................
........>.....#
###########...# #
#########.^.# .
............##########
.
.......)†..o..........
.
...........o.y@.......
.
........[....o........
.
.../..................
.
......................
.
......................
.
......................
#
########..............
#.....$........
#........


You could see a vampire mosquito, an orc priest and 2 orc wizards.

Vanquished Creatures
  Gastronok (D:9)
  A hydra (D:8)
  2 two-headed ogres
  Pikel (D:7)
  The ghost of asdu the Carver, a novice HaCK of Xom (D:7)
  An ugly thing (D:12)
  Joseph (D:7)
  A kobold demonologist (D:11)
  A komodo dragon (D:8)
  A hornet (D:12)
  2 dream sheep (D:8)
  2 hippogriffs
  A wyvern (D:11)
  2 yaks
  3 basilisks (D:8)
  2 steam dragons
  2 hungry ghosts
  3 vampire mosquitoes (D:12)
  A water moccasin (D:11)
  3 sky beasts
  2 necrophages
  2 ice beasts
  An eye of draining (D:9)
  6 ogres
  5 centaurs
  A crocodile (D:8)
  7 big kobolds
  8 bullfrogs
  A wyvern skeleton (D:10)
  A scorpion (D:6)
  A water moccasin skeleton (D:4)
  11 killer bees (D:10)
  4 wights (D:11)
  A howler monkey (D:4)
  An electric eel (D:11)
  6 crimson imps
  3 hounds (D:4)
  3 jellies
  5 orc wizards
  5 orc priests
  4 bullfrog skeletons
  2 centaur skeletons
  Jessica (D:3)
  2 iguanas
  14 worker ants
  2 hound skeletons
  5 worker ant zombies
  5 gnolls
  9 adders
  5 shadow imps
  An adder zombie (D:9)
  An adder skeleton (D:4)
  6 worms
  2 dart slugs (D:1)
  2 leopard geckos
  33 orcs
  3 ball pythons
  5 giant cockroaches
  6 goblins
  4 hobgoblins
  9 jackals
  18 kobolds
  9 quokkas
  7 bats
  3 frilled lizards
  A quokka skeleton (D:8)
  7 rats
  A fungus (D:1)
273 creatures vanquished.

Vanquished Creatures (others)
  2 gnolls (D:7)
  2 adders (D:3)
  A leopard gecko (D:7)
5 creatures vanquished.

Grand Total: 278 creatures vanquished

Notes
Turn   | Place    | Note
-------+----------+-------------------------------------------
     0 | D:1      | Ijustatesigmund the Troll Transmuter began the quest for the Orb.
     0 | D:1      | Reached XP level 1. HP: 18/18 MP: 1/1
    27 | D:1      | Reached skill level 1 in Fighting
   101 | D:1      | Reached XP level 2. HP: 25/27 MP: 2/2
   768 | D:2      | Found a hazy altar of Hepliaklqana.
   783 | D:2      | Reached XP level 3. HP: 24/35 MP: 3/3
   832 | D:2      | Found a faded altar of an unknown god.
  1277 | D:2      | Reached skill level 4 in Unarmed Combat
  1293 | D:2      | Reached XP level 4. HP: 25/42 MP: 4/4
  1300 | D:2      | Learned a level 2 spell: Sticks to Snakes
  1667 | D:3      | Found a radiant altar of Vehumet.
  1987 | D:3      | Noticed Jessica
  1990 | D:3      | Killed Jessica
  1990 | D:3      | Reached XP level 5. HP: 52/52 MP: 3/5
  1993 | D:3      | Found a basalt altar of Yredelemnul.
  1994 | D:3      | Found a stormy altar of Qazlal.
  1994 | D:3      | Found a white marble altar of Elyvilon.
  1996 | D:3      | Found a sparkling altar of Nemelex Xobeh.
  2196 | D:4      | Got a glittering bone amulet
  2197 | D:4      | Identified the amulet of the Shrike {Harm *Drain rN++ Str+4 Dex+3} (You found it on level 4 of the Dungeon)
  2295 | D:4      | Reached XP level 6. HP: 61/61 MP: 4/6
  2339 | D:4      | Reached skill level 1 in Throwing
  2339 | D:4      | Reached skill level 5 in Unarmed Combat
  2705 | D:4      | Reached XP level 7. HP: 65/67 MP: 7/7
  2831 | D:4      | Found a burning altar of Makhleb.
  2833 | D:4      | Found a glowing silver altar of Zin.
  2833 | D:4      | Noticed a cacodemon
  2833 | D:4      | Noticed an angel
  3429 | D:5      | Entered Level 5 of the Dungeon
  3619 | D:5      | Reached skill level 6 in Unarmed Combat
  3636 | D:5      | Reached XP level 8. HP: 71/79 MP: 8/8
  3643 | D:5      | Learned a level 5 spell: Blade Hands
  3664 | D:5      | Found Umuma's Antique Weapon Shop.
  3703 | D:5      | Found Hetsomede's Armour Shop.
  3751 | D:5      | Found an opulent altar of Gozag.
  4159 | D:6      | Found a snail-covered altar of Cheibriados.
  4240 | D:6      | Reached skill level 5 in Fighting
  4348 | D:6      | Found an iron altar of Okawaru.
  4348 | D:6      | Found a bloodstained altar of Trog.
  4767 | D:7      | Noticed Joseph
  4775 | D:7      | Killed Joseph
  4775 | D:7      | Reached skill level 7 in Unarmed Combat
  4775 | D:7      | Reached XP level 9. HP: 30/88 MP: 9/9
  4873 | D:7      | Noticed Pikel
  4883 | D:7      | Killed Pikel
  4883 | D:7      | Reached skill level 5 in Throwing
  5019 | D:7      | Noticed asdu's ghost (novice HaCK)
  5038 | D:7      | Killed asdu's ghost
  5197 | D:7      | Reached skill level 5 in Transmutations
  5295 | D:7      | Found a staircase to the Ecumenical Temple.
  5309 | Temple   | Entered the Ecumenical Temple
  5382 | Temple   | Became a worshipper of the Wu Jian Council
  5865 | D:8      | Reached skill level 8 in Unarmed Combat
  6092 | D:8      | Learned a level 2 spell: Blink
  6157 | D:8      | Reached XP level 10. HP: 51/98 MP: 8/10
  6264 | D:8      | Reached skill level 1 in Translocations
  6266 | D:8      | Reached * piety under Wu Jian
  6309 | D:8      | Noticed a two-headed hydra
  6375 | D:9      | Noticed Gastronok
  6379 | D:10     | Entered Level 10 of the Dungeon
  6574 | D:10     | Found Dinailan's General Store.
  6622 | D:10     | Found a bloodstained altar of Trog.
  6735 | D:10     | Noticed a two-headed ogre
  6886 | D:9      | Found an ancient bone altar of Kikubaaqudgha.
  6950 | D:9      | Killed Gastronok
  6950 | D:9      | Reached skill level 5 in Maces & Flails
  7297 | D:9      | Noticed a two-headed ogre
  7306 | D:9      | Killed a two-headed ogre
  7473 | D:9      | Reached XP level 11. HP: 104/105 MP: 11/11
  7486 | D:9      | Gained mutation: Your flesh is cold resistant. (rC+) [potion of mutation]
  7486 | D:9      | Gained mutation: Your system is resistant to poisons. (rPois) [potion of mutation]
  7486 | D:9      | Gained mutation: You can translocate small distances at will. [potion of mutation]
  7486 | D:9      | Gained mutation: Your muscles are strong. (Str +2) [potion of mutation]
  7978 | D:8      | Killed a two-headed hydra
  8046 | D:8      | Reached ** piety under Wu Jian
  8385 | D:8      | Found a staircase to the Lair.
  8616 | D:10     | Killed a two-headed ogre
  8732 | D:10     | Found a staircase to the Orcish Mines.
  9650 | D:11     | Reached skill level 9 in Unarmed Combat
  9864 | D:11     | Found Qeymijuf's Weapon Emporium.
  9915 | D:11     | Found Seibekan's Antique Armour Shoppe.
  9932 | D:11     | Bought a glowing robe for 85 gold pieces
  9976 | D:11     | Found Fiawiobb's Antique Weapon Emporium.
 10056 | D:11     | Reached *** piety under Wu Jian
 10595 | D:12     | Noticed a cyan ugly thing
 10601 | D:12     | Killed a cyan ugly thing
 10655 | D:12     | Killed from afar by an orc priest

Vault maps used:
D:1:      tarquinn_simple_flora_water_d, minmay_misc_feat_encased
D:2:      old_standard_altar, chequers_ecumenical_altar_simple, first_bread
D:3:      fiery_altar_vehumet, grunt_temple_overflow_open, uniq_jessica
D:4:      grunt_temple_overflow_order_and_chaos_2
D:5:      nicolae_overflow_crystal_walls, serial_shops, nicolae_shop_stone, shop
D:6:      grunt_temple_overflow_bloody_war, cheibriados_altar_1,
          minmay_misc_feat_square
D:7:      minmay_temple_entry_large_hall, uniq_pikel, uniq_joseph
D:8:      erik_lair_dragon, hangedman_ranch
D:9:      kennysheep_blocky_hall, kiku_gazebo_pond_becter, uniq_gastronok
D:10:     orc_0_dummy, serial_shops, nicolae_shop_crystal, trog_book
D:11:     serial_shops, shop, nicolae_shop_temple_entry_statues_fountains,
          shop_statue, kennysheep_another_room
D:12:     eino_house_with_fridge
Temple:   dpeg_three_leaves_temple

Skill      XL: |  1  2  3  4  5  6  7  8  9 10 11 |
---------------+----------------------------------+-----
Fighting       | 1 2 3 4 5 6 7 |  7.2
Unarmed Combat | 4 5 6 7 8 9 |  9.4
Transmutations | 2 3 4 5 6 7 |  7.4
Throwing       | 2 3 4 5 |  5.7
Dodging        | 2 3 |  3.6
Translocations | 2 |  2.8
Maces & Flails | 5 |  5.4
Spellcasting   | 2 |  2.6

Action                   |  1- 3 |  4- 6 |  7- 9 | 10-12 || total
-------------------------+-------+-------+-------+-------++-------
Melee: Unarmed           |   108 |   109 |   221 |   305 ||   743
       Headbutt          |     1 |     2 |    10 |     5 ||    18
       Punch             |     1 |     3 |    13 |    16 ||    33
       Kick              |       |       |     6 |    12 ||    18
       Giant spiked club |       |       |       |     1 ||     1
Throw: Tomahawk          |     3 |       |     7 |     5 ||    15
       Large rock        |       |     4 |     9 |    10 ||    23
 Cast: Beastly Appendage |     1 |     4 |    13 |     8 ||    26
       Sticks to Snakes  |       |       |       |     3 ||     3
Evoke: Wand              |       |       |       |     1 ||     1
  Use: Scroll            |     8 |     2 |     9 |     6 ||    25
       Potion            |     3 |       |     1 |     8 ||    12
 Stab: Sleeping          |       |       |     2 |     2 ||     4
  Eat: Chunk             |    17 |    12 |    33 |    40 ||   102
       Fruit             |       |       |     7 |     6 ||    13
Armor: Robe              |    26 |    37 |    43 |    76 ||   182
Dodge: Dodged            |    53 |    48 |    89 |   158 ||   348
